| TOP OF THE 1ST |
|
Lakewood BlueClaws batting - Pitching for Wisconsin Timber Rattlers : LHP John Miller
|
|
Pitching: LHP John Miller
|
|
|
Batting: RHB Alberto Ramirez
|
0-0: Foul Ball, location: 2F 0-1: Ball 1-1: Fly out, F9 (Flyball, 9S, EV 90.6 MPH)
|
|
Batting: RHB Steve Jones
|
0-0: Called Strike 0-1: Ball 1-1: Called Strike 1-2: Ground out U3 (Groundball, 34, EV 91.9 MPH)
|
|
Batting: SHB Bob Dixon
|
0-0: Called Strike 0-1: Ball 1-1: Foul Ball, location: 2F 1-2: SINGLE (Groundball, 6D, EV 94.4 MPH)
|
|
Batting: RHB Victor Arroyo
|
0-0: Ball 1-0: Ball 2-0: Foul Ball, location: 2F 2-1: Ball 3-1: Called Strike 3-2: DOUBLE (Flyball, 8LXD, EV 111.9 MPH) Bob Dixon to third Bob Dixon scores
|
|
Batting: RHB Roberto Ruiz
|
0-0: Called Strike 0-1: Ball 1-1: Ground out 5-3 (Groundball, 56, EV 87.5 MPH)
|
| Top of the 1st over - 1 run, 2 hits, 0 errors, 1 left on base; Lakewood 1 - Wisconsin 0 |
| BOTTOM OF THE 1ST |
|
Wisconsin Timber Rattlers batting - Pitching for Lakewood BlueClaws : RHP William-Floyd Goof
|
|
Pitching: RHP William-Floyd Goof
|
|
|
Batting: RHB Joe LaDue
|
0-0: Fly out, F9 (Flyball, 9LM, EV 83.8 MPH)
|
|
Batting: RHB Nick Garland
|
0-0: Ball 1-0: Foul Ball, location: 2F 1-1: Ground out 5-3 (Groundball, 56, EV 105.6 MPH)
|
|
Batting: LHB Alfredo de la Cruz
|
0-0: Foul Ball, location: 2F 0-1: Ball 1-1: Foul Ball, location: 2F 1-2: Foul Ball, location: 2F 1-2: SINGLE (Groundball, 4D, EV 96.2 MPH)
|
|
Batting: LHB Paul Collins
|
0-0: Ball 1-0: Swinging Strike 1-1: Ball 2-1: Ball 3-1: Ground out 4-3 (Groundball, 4S, EV 69.4 MPH)
|
| Bottom of the 1st over - 0 runs, 1 hit, 0 errors, 1 left on base; Lakewood 1 - Wisconsin 0 |
| TOP OF THE 2ND |
|
Lakewood BlueClaws batting - Pitching for Wisconsin Timber Rattlers : LHP John Miller
|
|
Batting: LHB Jose Carlos
|
0-0: Foul Ball, location: 2F 0-1: Foul Ball, location: 2F 0-2: Foul Ball, location: 2F 0-2: Hit by Pitch
|
|
Batting: SHB Mike Rueth
|
0-0: Called Strike 0-1: Ball 1-1: Ball Pickoff Throw to First - Out! 1-3 2-1: Swinging Strike 2-2: Ball 3-2: Strikes out swinging
|
|
Batting: RHB Pedro Mata
|
0-0: Ball 1-0: Ball 2-0: Foul Ball, location: 2F 2-1: Foul Ball, location: 2F 2-2: Fly out, F9 (Line Drive, 9, EV 97.5 MPH)
|
| Top of the 2nd over - 0 runs, 0 hits, 0 errors, 0 left on base; Lakewood 1 - Wisconsin 0 |
| BOTTOM OF THE 2ND |
|
Wisconsin Timber Rattlers batting - Pitching for Lakewood BlueClaws : RHP William-Floyd Goof
|
|
Batting: RHB Eddie McCoy
|
0-0: Ball 1-0: Foul Ball, location: 2F 1-1: Ball 2-1: Foul Ball, location: 2F 2-2: Strikes out swinging
|
|
Batting: SHB Mitchell Greene
|
0-0: Ball 1-0: Ball 2-0: Called Strike 2-1: Ball 3-1: Base on Balls
|
|
Batting: RHB Rafael Medina
|
0-0: Ball 1-0: Ball Wild Pitch! Mitchell Greene to second 2-0: Ball 3-0: Base on Balls
|
|
Batting: RHB Derek Halliwill
|
0-0: Called Strike 0-1: Hit by Pitch Mitchell Greene to third Rafael Medina to second
|
|
Pinch Runner at 1st Bobby McCann:
|
|
|
Batting: RHB Raymond Young
|
0-0: Called Strike 0-1: Ball 1-1: Ball 2-1: Ball 3-1: Foul Ball, location: 2F 3-2: Foul Ball, location: 2F 3-2: Base on Balls Mitchell Greene scores Rafael Medina to third Bobby McCann to second
|
|
Batting: RHB Joe LaDue
|
0-0: Ball 1-0: Called Strike 1-1: Ball 2-1: Fielders Choice at 2nd, 5-4 (Groundball, 56, EV 78.1 MPH) Rafael Medina scores Bobby McCann to third
|
|
Batting: RHB Nick Garland
|
0-0: Called Strike 0-1: Called Strike 0-2: Ball 1-2: Ball 2-2: Fly out, F4 (Flyball, 4D, EV 75.0 MPH)
|
| Bottom of the 2nd over - 2 runs, 0 hits, 0 errors, 2 left on base; Lakewood 1 - Wisconsin 2 |
| TOP OF THE 3RD |
|
Lakewood BlueClaws batting - Pitching for Wisconsin Timber Rattlers : LHP John Miller
|
|
Now in CF: Alfredo de la Cruz
|
|
|
Now in RF: Bobby McCann
|
|
|
Batting: RHB Kyle Morse
|
0-0: Ball 1-0: Ball 2-0: Called Strike 2-1: Fly out, F9 (Flyball, 9LS, EV 85.0 MPH)
|
|
Batting: RHB Alberto Ramirez
|
0-0: Foul Ball, location: 2F 0-1: Ball 1-1: SINGLE (Groundball, 34D, EV 96.2 MPH)
|
|
Batting: RHB Steve Jones
|
0-0: Ball Wild Pitch! Alberto Ramirez to second 1-0: Called Strike 1-1: Hit by Pitch
|
|
Batting: SHB Bob Dixon
|
0-0: Swinging Strike 0-1: Ball 1-1: Ball 2-1: Ball 3-1: Base on Balls Alberto Ramirez to third Steve Jones to second
|
|
Batting: RHB Victor Arroyo
|
0-0: Called Strike 0-1: Called Strike 0-2: Foul Ball, location: 2F 0-2: Ball 1-2: Strikes out swinging
|
|
Batting: RHB Roberto Ruiz
|
0-0: Ball 1-0: Foul Ball, location: 2F 1-1: Called Strike 1-2: Ball 2-2: Ball 3-2: Fly out, F8 (Flyball, 89M, EV 86.2 MPH)
|
| Top of the 3rd over - 0 runs, 1 hit, 0 errors, 3 left on base; Lakewood 1 - Wisconsin 2 |
| BOTTOM OF THE 3RD |
|
Wisconsin Timber Rattlers batting - Pitching for Lakewood BlueClaws : RHP William-Floyd Goof
|
|
Batting: LHB Alfredo de la Cruz
|
0-0: Swinging Strike 0-1: Ground out 4-3 (Groundball, 4, EV 88.8 MPH)
|
|
Batting: LHB Paul Collins
|
0-0: Ball 1-0: Called Strike 1-1: Foul Ball, location: 2F 1-2: Foul Ball, location: 2F 1-2: Ball 2-2: Foul Ball, location: 2F 2-2: Foul Ball, location: 2F 2-2: Ball 3-2: Strikes out swinging
|
|
Batting: RHB Eddie McCoy
|
0-0: Foul Ball, location: 2F 0-1: Ball 1-1: Ball 2-1: Ball 3-1: Base on Balls
|
|
Batting: SHB Mitchell Greene
|
0-0: Ball 1-0: Foul Ball, location: 2F 1-1: Foul Ball, location: 2F 1-2: Strikes out swinging
|
| Bottom of the 3rd over - 0 runs, 0 hits, 0 errors, 1 left on base; Lakewood 1 - Wisconsin 2 |
| TOP OF THE 4TH |
|
Lakewood BlueClaws batting - Pitching for Wisconsin Timber Rattlers : LHP John Miller
|
|
Batting: LHB Jose Carlos
|
0-0: Ball 1-0: Ball 2-0: Foul Ball, location: 2F 2-1: Swinging Strike 2-2: Strikes out swinging
|
|
Batting: SHB Mike Rueth
|
0-0: Ball 1-0: Ground out 6-3 (Groundball, 6, EV 80.6 MPH)
|
|
Batting: RHB Pedro Mata
|
0-0: Ball 1-0: Ball 2-0: SINGLE (Groundball, 56D, EV 95.6 MPH)
|
|
Batting: RHB Kyle Morse
|
0-0: Ball 1-0: Ball 2-0: Ball 3-0: Base on Balls Pedro Mata to second
|
|
Batting: RHB Alberto Ramirez
|
0-0: Fly out, F9 (Flyball, 9D, EV 98.8 MPH)
|
| Top of the 4th over - 0 runs, 1 hit, 0 errors, 2 left on base; Lakewood 1 - Wisconsin 2 |
| BOTTOM OF THE 4TH |
|
Wisconsin Timber Rattlers batting - Pitching for Lakewood BlueClaws : RHP William-Floyd Goof
|
|
Batting: RHB Rafael Medina
|
0-0: Ball 1-0: Swinging Strike 1-1: Swinging Strike 1-2: Foul Ball, location: 2F 1-2: Ball 2-2: Ball 3-2: Foul Ball, location: 2F 3-2: Base on Balls
|
|
Batting: RHB Bobby McCann
|
0-0: Ball 1-0: Called Strike 1-1: Grounds into double play, 5-4-3 (Groundball, 56, EV 86.2 MPH)
|
|
Batting: RHB Raymond Young
|
0-0: Ball 1-0: Ball 2-0: Swinging Strike 2-1: Ball 3-1: Foul Ball, location: 2F 3-2: Base on Balls
|
|
Batting: RHB Joe LaDue
|
0-0: Ball 1-0: Ball 2-0: Ball 3-0: Called Strike 3-1: Base on Balls Raymond Young to second
|
|
Batting: RHB Nick Garland
|
0-0: Called Strike 0-1: Swinging Strike 0-2: Strikes out looking
|
| Bottom of the 4th over - 0 runs, 0 hits, 0 errors, 2 left on base; Lakewood 1 - Wisconsin 2 |
| TOP OF THE 5TH |
|
Lakewood BlueClaws batting - Pitching for Wisconsin Timber Rattlers : LHP John Miller
|
|
Batting: RHB Steve Jones
|
0-0: Called Strike 0-1: Ball 1-1: Ground out 6-3 (Groundball, 6, EV 81.9 MPH)
|
|
Batting: SHB Bob Dixon
|
0-0: Ball 1-0: Ball 2-0: Foul Ball, location: 2F 2-1: Swinging Strike 2-2: Strikes out swinging
|
|
Batting: RHB Victor Arroyo
|
0-0: Swinging Strike 0-1: Ball 1-1: Called Strike 1-2: Ball 2-2: Ball 3-2: Foul Ball, location: 2F 3-2: Base on Balls
|
|
Batting: RHB Roberto Ruiz
|
0-0: Ball 1-0: Swinging Strike 1-1: Ball 2-1: Ball 3-1: Called Strike 3-2: SINGLE (Groundball, 56, EV 98.8 MPH) Victor Arroyo to second Victor Arroyo to third
|
|
Batting: LHB Jose Carlos
|
0-0: Ball 1-0: Called Strike 1-1: Ball 2-1: Called Strike 2-2: Foul Ball, location: 2F 2-2: Ball 3-2: Foul Ball, location: 2F 3-2: Base on Balls Roberto Ruiz to second
|
|
Pitching: LHP Willis Escobedo
|
|
|
Batting: SHB Mike Rueth
|
0-0: Ball 1-0: Called Strike 1-1: Ground out 4-3 (Groundball, 4D, EV 98.8 MPH)
|
| Top of the 5th over - 0 runs, 1 hit, 0 errors, 3 left on base; Lakewood 1 - Wisconsin 2 |
| BOTTOM OF THE 5TH |
|
Wisconsin Timber Rattlers batting - Pitching for Lakewood BlueClaws : RHP William-Floyd Goof
|
|
Batting: LHB Alfredo de la Cruz
|
0-0: Called Strike 0-1: Ball 1-1: Swinging Strike 1-2: Ball 2-2: Ball 3-2: Base on Balls
|
|
Batting: LHB Paul Collins
|
0-0: Ball 1-0: Fielders Choice at 2nd, 4-6 (Groundball, 4D, EV 100.0 MPH)
|
|
Pitching: LHP Ryan Jansma
|
|
|
Batting: RHB Eddie McCoy
|
0-0: Foul Ball, location: 2F 0-1: Ball 1-1: Ball 2-1: Foul Ball, location: 2F 2-2: Grounds into double play, 6-4-3 (Groundball, 6, EV 86.2 MPH)
|
| Bottom of the 5th over - 0 runs, 0 hits, 0 errors, 0 left on base; Lakewood 1 - Wisconsin 2 |
| TOP OF THE 6TH |
|
Lakewood BlueClaws batting - Pitching for Wisconsin Timber Rattlers : LHP Willis Escobedo
|
|
Batting: RHB Pedro Mata
|
0-0: Ground out 6-3 (Groundball, 6M, EV 90.0 MPH)
|
|
Batting: RHB Kyle Morse
|
0-0: Called Strike 0-1: Swinging Strike 0-2: Ground out 5-3 (Groundball, 56, EV 91.9 MPH)
|
|
Batting: RHB Alberto Ramirez
|
0-0: Swinging Strike 0-1: Ball 1-1: Swinging Strike 1-2: Ball 2-2: Strikes out looking
|
| Top of the 6th over - 0 runs, 0 hits, 0 errors, 0 left on base; Lakewood 1 - Wisconsin 2 |
| BOTTOM OF THE 6TH |
|
Wisconsin Timber Rattlers batting - Pitching for Lakewood BlueClaws : LHP Ryan Jansma
|
|
Batting: SHB Mitchell Greene
|
0-0: SINGLE (Line Drive, 8LS, EV 90.0 MPH)
|
|
Batting: RHB Rafael Medina
|
0-0: Foul Ball, location: 2F 0-1: Called Strike 0-2: Foul Ball, location: 2F 0-2: Ball 1-2: Foul Ball, location: 2F 1-2: Ball 2-2: Grounds into double play, 5-4-3 (Groundball, 56S, EV 82.5 MPH)
|
|
Batting: RHB Bobby McCann
|
0-0: Called Strike 0-1: Ball 1-1: Swinging Strike 1-2: Ball 2-2: Strikes out swinging
|
| Bottom of the 6th over - 0 runs, 1 hit, 0 errors, 0 left on base; Lakewood 1 - Wisconsin 2 |
| TOP OF THE 7TH |
|
Lakewood BlueClaws batting - Pitching for Wisconsin Timber Rattlers : LHP Willis Escobedo
|
|
Now in RF: Bryant Thies
|
|
|
Batting: RHB Steve Jones
|
0-0: Called Strike 0-1: Ball 1-1: Ball 2-1: Ball 3-1: Base on Balls
|
|
Batting: SHB Bob Dixon
|
0-0: Ball 1-0: Fielders Choice at 2nd, 4-6 (Groundball, 4S, EV 88.8 MPH)
|
|
Batting: RHB Victor Arroyo
|
0-0: Swinging Strike 0-1: Ball 1-1: Called Strike 1-2: SINGLE (Line Drive, 89S, EV 107.5 MPH) Bob Dixon to second
|
|
Batting: RHB Roberto Ruiz
|
0-0: Called Strike 0-1: Swinging Strike 0-2: Foul Ball, location: 2F 0-2: Strikes out swinging
|
|
Batting: LHB Jose Carlos
|
0-0: Ball 1-0: Ball 2-0: Called Strike 2-1: Called Strike 2-2: Ball 3-2: Base on Balls Bob Dixon to third Victor Arroyo to second
|
|
Batting: SHB Mike Rueth
|
0-0: Swinging Strike 0-1: Ground out U3 (Groundball, 34, EV 92.5 MPH)
|
| Top of the 7th over - 0 runs, 1 hit, 0 errors, 3 left on base; Lakewood 1 - Wisconsin 2 |
| BOTTOM OF THE 7TH |
|
Wisconsin Timber Rattlers batting - Pitching for Lakewood BlueClaws : LHP Ryan Jansma
|
|
Batting: RHB Raymond Young
|
0-0: Ground out 4-3 (Groundball, 4, EV 93.1 MPH)
|
|
Batting: RHB Joe LaDue
|
0-0: Foul Ball, location: 2F 0-1: Ball 1-1: DOUBLE (Flyball, 78XD, EV 106.9 MPH)
|
|
Batting: RHB Nick Garland
|
0-0: Intentional Walk
|
|
Batting: LHB Alfredo de la Cruz
|
0-0: Called Strike 0-1: Fielders Choice at 2nd, 3-6 (Groundball, 34, EV 86.2 MPH) Joe LaDue to third
|
|
Batting: LHB Paul Collins
|
0-0: Ball 1-0: Ball 2-0: Called Strike 2-1: Ball 3-1: Foul Ball, location: 2F 3-2: Strikes out swinging
|
| Bottom of the 7th over - 0 runs, 1 hit, 0 errors, 2 left on base; Lakewood 1 - Wisconsin 2 |
| TOP OF THE 8TH |
|
Lakewood BlueClaws batting - Pitching for Wisconsin Timber Rattlers : LHP Willis Escobedo
|
|
Pitching: LHP Paul Schumacher
|
|
|
Batting: RHB Pedro Mata
|
0-0: Foul Ball, location: 2F 0-1: Ball 1-1: Swinging Strike 1-2: Strikes out swinging
|
|
Batting: RHB Kyle Morse
|
0-0: Ground out 6-3 (Groundball, 6, EV 106.2 MPH)
|
|
Batting: RHB Alberto Ramirez
|
0-0: Ball 1-0: Ground out U3 (Groundball, 3, EV 81.2 MPH)
|
| Top of the 8th over - 0 runs, 0 hits, 0 errors, 0 left on base; Lakewood 1 - Wisconsin 2 |
| BOTTOM OF THE 8TH |
|
Wisconsin Timber Rattlers batting - Pitching for Lakewood BlueClaws : LHP Ryan Jansma
|
|
Pitching: RHP Ronnie DeAngelo
|
|
|
Batting: RHB Eddie McCoy
|
0-0: Ball 1-0: Ball 2-0: Ball 3-0: Called Strike 3-1: Called Strike 3-2: Base on Balls
|
|
Batting: SHB Mitchell Greene
|
0-0: Bunt missed! 0-1: Ball 1-1: Bunted foul 1-2: Ball 2-2: Ball 3-2: Base on Balls Eddie McCoy to second
|
|
Batting: RHB Rafael Medina
|
0-0: Foul Ball, location: 2F 0-1: Swinging Strike 0-2: Ball 1-2: Ball 2-2: Strikes out swinging
|
|
Batting: RHB Bryant Thies
|
0-0: Ball 1-0: Ball 2-0: Called Strike 2-1: Fly out, F4 (Popup, 4, EV 80.0 MPH)
|
|
Batting: RHB Raymond Young
|
0-0: Ball 1-0: Ball 2-0: Fielders Choice at 2nd, 5-4 (Groundball, 5, EV 84.4 MPH)
|
| Bottom of the 8th over - 0 runs, 0 hits, 0 errors, 2 left on base; Lakewood 1 - Wisconsin 2 |
| TOP OF THE 9TH |
|
Lakewood BlueClaws batting - Pitching for Wisconsin Timber Rattlers : LHP Paul Schumacher
|
|
Pitching: RHP Javy Uribe
|
|
|
Batting: RHB Steve Jones
|
0-0: Ball 1-0: Swinging Strike 1-1: Foul Ball, location: 2F 1-2: Ball 2-2: Ground out 4-3 (Groundball, 4, EV 90.6 MPH)
|
|
Batting: SHB Bob Dixon
|
0-0: Called Strike 0-1: Swinging Strike 0-2: Ball 1-2: Strikes out looking
|
|
Batting: RHB Victor Arroyo
|
0-0: Ball 1-0: Swinging Strike 1-1: Ball 2-1: Ball 3-1: Called Strike 3-2: Foul Ball, location: 2F 3-2: Base on Balls
|
|
Batting: RHB Roberto Ruiz
|
0-0: Foul Ball, location: 2F 0-1: Foul Ball, location: 2F 0-2: Foul Ball, location: 2F 0-2: Strikes out swinging
|
| Top of the 9th over - 0 runs, 0 hits, 0 errors, 1 left on base; Lakewood 1 - Wisconsin 2 |
|